TOP OF THE 1ST |
Baltimore Orioles batting - Pitching for Boston Red Sox : LHP Marco Gonzales
|
Pitching: LHP Marco Gonzales
|
|
Batting: SHB Dexter Fowler
|
0-0: Ball 1-0: SINGLE (Line Drive, 78S, EV 105.0 MPH)
|
Batting: RHB Daniel Castro
|
0-0: Ball 1-0: Swinging Strike 1-1: Ball 2-1: Grounds into double play, 4-6-3 (Groundball, 34, EV 103.8 MPH)
|
Batting: LHB Danny Duffy
|
0-0: Called Strike 0-1: Foul Ball, location: 2F 0-2: Foul Ball, location: 2F 0-2: Ball 1-2: Strikes out swinging
|
Top of the 1st over - 0 runs, 1 hit, 0 errors, 0 left on base; Baltimore 0 - Boston 0 |
BOTTOM OF THE 1ST |
Boston Red Sox batting - Pitching for Baltimore Orioles : RHP R.J. Alaniz
|
Pitching: RHP R.J. Alaniz
|
|
Batting: RHB Victor Robles
|
0-0: Swinging Strike 0-1: SINGLE (Line Drive, 78M, EV 86.3 MPH)
|
Batting: RHB Eduardo Nunez
|
0-0: Called Strike 0-1: Ball 1-1: Foul Ball, location: 2F 1-2: Ball 2-2: Ball 3-2: Foul Ball, location: 2F 3-2: SINGLE (Groundball, 6MD, EV 98.1 MPH) Victor Robles to second
|
Batting: SHB Yangervis Solarte
|
0-0: Ball 1-0: 3-RUN HOME RUN (Flyball, 8LXD, EV 87.5 MPH), Distance : 431 ft
|
Batting: LHB Greg Bird
|
0-0: Ground out 5-3 (Groundball, 56, EV 84.4 MPH)
|
Batting: RHB Tim Federowicz
|
0-0: Swinging Strike 0-1: Ball 1-1: Ball 2-1: DOUBLE (Line Drive, 9LD, EV 112.5 MPH)
|
Batting: RHB Albert Pujols
|
0-0: Ball 1-0: SINGLE (Groundball, 6D, EV 111.3 MPH) Tim Federowicz to third
|
Batting: RHB Pablo Reyes
|
0-0: Called Strike 0-1: Called Strike 0-2: Strikes out looking
|
Batting: LHB J.P. Crawford
|
0-0: Called Strike 0-1: Ball Wild Pitch! Tim Federowicz scores Albert Pujols to second 1-1: Ball 2-1: Fly out, F4 (Line Drive, 4, EV 68.1 MPH)
|
Bottom of the 1st over - 4 runs, 5 hits, 0 errors, 1 left on base; Baltimore 0 - Boston 4 |
TOP OF THE 2ND |
Baltimore Orioles batting - Pitching for Boston Red Sox : LHP Marco Gonzales
|
Batting: RHB Garrett Cooper
|
0-0: Swinging Strike 0-1: Ball 1-1: Foul Ball, location: 2F 1-2: Ball 2-2: Foul Ball, location: 2F 2-2: Ball 3-2: Strikes out looking
|
Batting: RHB A.J. Ellis
|
0-0: Called Strike 0-1: Ball 1-1: Foul Ball, location: 2F 1-2: Strikes out looking
|
Batting: LHB Derek Fisher
|
0-0: Foul Ball, location: 2F 0-1: Ball 1-1: Ball 2-1: SINGLE (Line Drive, 8RS, EV 103.8 MPH)
|
Batting: RHB Albert Almora
|
0-0: Ball 1-0: Called Strike 1-1: Ball 2-1: Foul Ball, location: 2F 2-2: Foul Ball, location: 2F 2-2: SINGLE (Flyball, 78M, EV 90.6 MPH) Derek Fisher to second
|
Batting: RHB T.J. Rivera
|
0-0: Called Strike 0-1: Called Strike 0-2: Hit by Pitch Derek Fisher to third Albert Almora to second
|
Batting: RHB Maikel Franco
|
0-0: Called Strike 0-1: Foul Ball, location: 2F 0-2: Ball 1-2: Ball 2-2: Foul Ball, location: 2F 2-2: Strikes out swinging
|
Top of the 2nd over - 0 runs, 2 hits, 0 errors, 3 left on base; Baltimore 0 - Boston 4 |
BOTTOM OF THE 2ND |
Boston Red Sox batting - Pitching for Baltimore Orioles : RHP R.J. Alaniz
|
Pitching: RHP Alex Cobb
|
|
Batting: LHB Jacoby Ellsbury
|
0-0: Ball 1-0: Ball 2-0: Fly out, F6 (Line Drive, 6, EV 70.6 MPH)
|
Batting: RHB Victor Robles
|
0-0: Foul Ball, location: 2F 0-1: Ball 1-1: Ball 2-1: SINGLE (Groundball, 4MD, EV 88.8 MPH) (infield hit)
|
Batting: RHB Eduardo Nunez
|
0-0: Called Strike Victor Robles steals 2nd base (no throw) 0-1: Foul Ball, location: 2F 0-2: Strikes out swinging
|
Batting: SHB Yangervis Solarte
|
0-0: DOUBLE (Line Drive, 7LM, EV 98.8 MPH) Victor Robles scores
|
Batting: LHB Greg Bird
|
0-0: Ball 1-0: Ball 2-0: Ball 3-0: Base on Balls
|
Batting: RHB Tim Federowicz
|
0-0: Ball 1-0: Foul Ball, location: 2F 1-1: Foul Ball, location: 2F 1-2: Ball 2-2: Fly out, F7 (Flyball, 7S, EV 78.8 MPH)
|
Bottom of the 2nd over - 1 run, 2 hits, 0 errors, 2 left on base; Baltimore 0 - Boston 5 |
TOP OF THE 3RD |
Baltimore Orioles batting - Pitching for Boston Red Sox : LHP Marco Gonzales
|
Batting: SHB Dexter Fowler
|
0-0: Foul Ball, location: 2F 0-1: Called Strike 0-2: Ball 1-2: Ball 2-2: Ball 3-2: Ground out 1-3 (Groundball, P, EV 68.1 MPH)
|
Batting: RHB Daniel Castro
|
0-0: Ball 1-0: Called Strike 1-1: Fly out, F8 (Flyball, 89D, EV 96.3 MPH)
|
Batting: LHB Danny Duffy
|
0-0: Called Strike 0-1: Foul Ball, location: 2F 0-2: Ground out 4-3 (Groundball, 34, EV 103.8 MPH)
|
Top of the 3rd over - 0 runs, 0 hits, 0 errors, 0 left on base; Baltimore 0 - Boston 5 |
BOTTOM OF THE 3RD |
Boston Red Sox batting - Pitching for Baltimore Orioles : RHP Alex Cobb
|
Batting: RHB Albert Pujols
|
0-0: Foul Ball, location: 2F 0-1: Ball 1-1: Foul Ball, location: 2F 1-2: Ground out 5-3 (Groundball, 56, EV 85.6 MPH)
|
Batting: RHB Pablo Reyes
|
0-0: Ball 1-0: Called Strike 1-1: Swinging Strike 1-2: Strikes out swinging
|
Pitching: RHP Tim Peterson
|
|
Batting: LHB J.P. Crawford
|
0-0: Called Strike 0-1: Ground out U3 (Groundball, 34, EV 104.4 MPH)
|
Bottom of the 3rd over - 0 runs, 0 hits, 0 errors, 0 left on base; Baltimore 0 - Boston 5 |
TOP OF THE 4TH |
Baltimore Orioles batting - Pitching for Boston Red Sox : LHP Marco Gonzales
|
Batting: RHB Garrett Cooper
|
0-0: Ball 1-0: Ball 2-0: Swinging Strike 2-1: Swinging Strike 2-2: Strikes out looking
|
Batting: RHB A.J. Ellis
|
0-0: Ball 1-0: Foul Ball, location: 2F 1-1: Foul Ball, location: 2F 1-2: Fly out, F3 (Flyball, 3DF, EV 90.0 MPH)
|
Batting: LHB Derek Fisher
|
0-0: Called Strike 0-1: Ground out U3 (Groundball, 3, EV 107.5 MPH)
|
Top of the 4th over - 0 runs, 0 hits, 0 errors, 0 left on base; Baltimore 0 - Boston 5 |
BOTTOM OF THE 4TH |
Boston Red Sox batting - Pitching for Baltimore Orioles : RHP Tim Peterson
|
Batting: LHB Jacoby Ellsbury
|
0-0: Ball 1-0: Ball 2-0: Called Strike 2-1: Ball 3-1: Called Strike 3-2: SINGLE (Flyball, 8RS, EV 85.6 MPH)
|
Batting: RHB Victor Robles
|
0-0: Called Strike 0-1: Foul Ball, location: 2F 0-2: Ball 1-2: Foul Ball, location: 2F 1-2: Ball 2-2: Ball 3-2: Fly out, F8 (Flyball, 89D, EV 100.6 MPH)
|
Batting: RHB Eduardo Nunez
|
0-0: Called Strike 0-1: Foul Ball, location: 2F 0-2: Foul Ball, location: 2F 0-2: Fly out, F9 (Line Drive, 9D, EV 91.3 MPH)
|
Batting: SHB Yangervis Solarte
|
0-0: Called Strike 0-1: Ball 1-1: SINGLE (Groundball, 56D, EV 94.4 MPH) Jacoby Ellsbury to second
|
Batting: LHB Greg Bird
|
0-0: Called Strike 0-1: Called Strike 0-2: Ball 1-2: Strikes out swinging
|
Bottom of the 4th over - 0 runs, 2 hits, 0 errors, 2 left on base; Baltimore 0 - Boston 5 |
TOP OF THE 5TH |
Baltimore Orioles batting - Pitching for Boston Red Sox : LHP Marco Gonzales
|
Batting: RHB Albert Almora
|
0-0: SINGLE (Flyball, 78S, EV 90.6 MPH)
|
Batting: RHB T.J. Rivera
|
0-0: Fly out, F6 (Popup, 6, EV 63.1 MPH)
|
Batting: RHB Maikel Franco
|
0-0: Called Strike 0-1: Ball 1-1: Ball 2-1: Foul Ball, location: 2F 2-2: Foul Ball, location: 2F 2-2: Ball 3-2: Foul Ball, location: 2F 3-2: SINGLE (Flyball, 4D, EV 88.8 MPH) Albert Almora to second Runner from 2nd tries for 3rd, SAFE, throw by CF made to third
|
Batting: SHB Dexter Fowler
|
0-0: Foul Ball, location: 2F 0-1: Ball 1-1: Grounds into double play, 4-6-3 (Groundball, 4, EV 98.8 MPH)
|
Top of the 5th over - 0 runs, 2 hits, 0 errors, 1 left on base; Baltimore 0 - Boston 5 |
BOTTOM OF THE 5TH |
Boston Red Sox batting - Pitching for Baltimore Orioles : RHP Tim Peterson
|
Batting: RHB Tim Federowicz
|
0-0: Ball 1-0: Called Strike 1-1: Swinging Strike 1-2: Strikes out swinging
|
Pitching: RHP Pedro Strop
|
|
Batting: RHB Albert Pujols
|
0-0: Called Strike 0-1: Ball 1-1: Ball 2-1: SINGLE (Line Drive, 7S, EV 93.8 MPH)
|
Batting: RHB Pablo Reyes
|
0-0: Ball 1-0: Called Strike 1-1: Foul Ball, location: 2F 1-2: Ball 2-2: Ball 3-2: Fly out, F9 (Flyball, 9, EV 92.5 MPH)
|
Batting: LHB J.P. Crawford
|
0-0: DOUBLE (Groundball, 3L, EV 97.5 MPH) Albert Pujols to third Runner from 3rd tries for Home, SAFE, throw by RF to trailing runner, SAFE at third!
|
Batting: LHB Jacoby Ellsbury
|
0-0: Called Strike 0-1: Swinging Strike 0-2: Ball 1-2: Ball 2-2: Ball 3-2: Strikes out looking
|
Bottom of the 5th over - 1 run, 2 hits, 0 errors, 1 left on base; Baltimore 0 - Boston 6 |
TOP OF THE 6TH |
Baltimore Orioles batting - Pitching for Boston Red Sox : LHP Marco Gonzales
|
Batting: RHB Daniel Castro
|
0-0: Ball 1-0: Called Strike 1-1: Fly out, F9 (Flyball, 9S, EV 83.1 MPH)
|
Batting: LHB Danny Duffy
|
0-0: Ground out 6-3 (Groundball, 6MS, EV 88.8 MPH)
|
Batting: RHB Garrett Cooper
|
0-0: Called Strike 0-1: Ball 1-1: Fly out, F8 (Flyball, 8LS, EV 84.4 MPH)
|
Top of the 6th over - 0 runs, 0 hits, 0 errors, 0 left on base; Baltimore 0 - Boston 6 |
BOTTOM OF THE 6TH |
Boston Red Sox batting - Pitching for Baltimore Orioles : RHP Pedro Strop
|
Batting: RHB Victor Robles
|
0-0: Ball 1-0: Called Strike 1-1: Ball 2-1: Ball 3-1: Called Strike 3-2: Fly out, F9 (Line Drive, 9, EV 93.8 MPH)
|
Batting: RHB Eduardo Nunez
|
0-0: Ground out 5-3 (Groundball, 5, EV 88.1 MPH)
|
Batting: SHB Yangervis Solarte
|
0-0: Ball 1-0: Called Strike 1-1: SINGLE (Groundball, 56D, EV 97.5 MPH)
|
Batting: LHB Greg Bird
|
0-0: Ball 1-0: Swinging Strike 1-1: Swinging Strike 1-2: Foul Ball, location: 2F 1-2: Ball 2-2: Foul Ball, location: 2F 2-2: Ball 3-2: Base on Balls Yangervis Solarte to second
|
Batting: RHB Tim Federowicz
|
0-0: Ball 1-0: Swinging Strike 1-1: Fielders Choice at 2nd, 5-4 (Groundball, 56, EV 100.0 MPH)
|
Bottom of the 6th over - 0 runs, 1 hit, 0 errors, 2 left on base; Baltimore 0 - Boston 6 |
TOP OF THE 7TH |
Baltimore Orioles batting - Pitching for Boston Red Sox : LHP Marco Gonzales
|
Batting: RHB A.J. Ellis
|
0-0: Ground out 5-3 (Groundball, 56S, EV 78.8 MPH)
|
Batting: LHB Derek Fisher
|
0-0: Called Strike 0-1: Ground out 1-3 (Groundball, P, EV 67.5 MPH)
|
Batting: RHB Albert Almora
|
0-0: Ball 1-0: Foul Ball, location: 2F 1-1: Ground out 4-3 (Groundball, 4, EV 91.9 MPH)
|
Top of the 7th over - 0 runs, 0 hits, 0 errors, 0 left on base; Baltimore 0 - Boston 6 |
BOTTOM OF THE 7TH |
Boston Red Sox batting - Pitching for Baltimore Orioles : RHP Pedro Strop
|
Pitching: RHP Carlos Estevez
|
|
Batting: RHB Albert Pujols
|
0-0: Foul Ball, location: 2F 0-1: Ball 1-1: Foul Ball, location: 2F 1-2: SOLO HOME RUN (Flyball, 9D, EV 86.9 MPH), Distance : 400 ft
|
Batting: RHB Pablo Reyes
|
0-0: Ball 1-0: Called Strike 1-1: Swinging Strike 1-2: Foul Ball, location: 2F 1-2: Ground out 5-3 (Groundball, 5, EV 103.1 MPH)
|
Batting: LHB J.P. Crawford
|
0-0: Called Strike 0-1: Ball 1-1: Ball 2-1: Foul Ball, location: 2F 2-2: Strikes out swinging
|
Batting: LHB Jacoby Ellsbury
|
0-0: Called Strike 0-1: Ball 1-1: Called Strike 1-2: Ball 2-2: Ground out 4-3 (Groundball, 34, EV 91.9 MPH)
|
Bottom of the 7th over - 1 run, 1 hit, 0 errors, 0 left on base; Baltimore 0 - Boston 7 |
TOP OF THE 8TH |
Baltimore Orioles batting - Pitching for Boston Red Sox : LHP Marco Gonzales
|
Batting: RHB T.J. Rivera
|
0-0: Ball 1-0: Foul Ball, location: 2F 1-1: Foul Ball, location: 2F 1-2: Ball 2-2: Ball 3-2: Strikes out swinging
|
Batting: RHB Maikel Franco
|
0-0: Ball 1-0: Foul Ball, location: 2F 1-1: Called Strike 1-2: Ball 2-2: Strikes out swinging
|
Pitching: LHP Jordan Schafer
|
|
Batting: SHB Dexter Fowler
|
0-0: Ball 1-0: Called Strike 1-1: Foul Ball, location: 2F 1-2: Foul Ball, location: 2F 1-2: Fly out, F9 (Flyball, 9LS, EV 86.3 MPH)
|
Top of the 8th over - 0 runs, 0 hits, 0 errors, 0 left on base; Baltimore 0 - Boston 7 |
BOTTOM OF THE 8TH |
Boston Red Sox batting - Pitching for Baltimore Orioles : RHP Carlos Estevez
|
Batting: RHB Victor Robles
|
0-0: Ball 1-0: Hit by Pitch
|
Batting: RHB Eduardo Nunez
|
0-0: Ball 1-0: Fly out, F6 (Line Drive, 6, EV 70.0 MPH)
|
Pitching: RHP James Norwood
|
|
Batting: SHB Yangervis Solarte
|
0-0: SINGLE (Line Drive, 7S, EV 91.3 MPH) Victor Robles to second
|
Batting: LHB Greg Bird
|
0-0: Called Strike 0-1: Called Strike 0-2: Strikes out swinging
|
Batting: RHB Tim Federowicz
|
0-0: Called Strike 0-1: Foul Ball, location: 2F 0-2: Ball 1-2: Ball 2-2: Ball 3-2: Foul Ball, location: 2F 3-2: Ground out 6-3 (Groundball, 6, EV 85.6 MPH)
|
Bottom of the 8th over - 0 runs, 1 hit, 0 errors, 2 left on base; Baltimore 0 - Boston 7 |
TOP OF THE 9TH |
Baltimore Orioles batting - Pitching for Boston Red Sox : LHP Jordan Schafer
|
Batting: RHB Daniel Castro
|
0-0: Ground out 5-3 (Groundball, 5, EV 80.0 MPH)
|
Batting: LHB Danny Duffy
|
0-0: Swinging Strike 0-1: Called Strike 0-2: Ball 1-2: Strikes out swinging
|
Batting: RHB Garrett Cooper
|
0-0: Ball 1-0: Ball 2-0: Ground out 4-3 (Groundball, 4, EV 83.1 MPH)
|
Top of the 9th over - 0 runs, 0 hits, 0 errors, 0 left on base; Baltimore 0 - Boston 7 |
|